 Dungeon Crawl Stone Soup version 0.25-a0-109-ge9c0e85935 (webtiles) character file.

Game seed: 3170071406350948510, levelgen mode: deterministic

34 vurker the Skirmisher (level 3, -1/29 HPs)
             Began as a Formicid Abyssal Knight on Nov 18, 2019.
             Was a Believer of Lugonu.
             Slain by Sigmund
             ... wielding a +0 scythe
              (12 damage)
             ... on level 2 of the Dungeon.
             The game lasted 00:01:42 (1660 turns).

vurker the Skirmisher (Formicid Abyssal Knight)     Turns: 1660, Time: 00:01:43

Health: -1/29      AC:  3    Str: 21    XL:     3   Next: 50%
Magic:  0/5        EV:  8    Int: 11    God:    Lugonu [**....]
Gold:   5          SH:  8    Dex: 10    Spells: 2/2 levels left

rFire    . . .     SeeInvis +   a - +1 hand axe
rCold    . . .     Gourm    .   i - +0 shield
rNeg     . . .     Faith    .   b - +0 leather armour
rPois    .         Spirit   +   (helmet unavailable)
rElec    .         Reflect  .   (no cloak)
rCorr    .         Harm     .   (no gloves)
MR       .....                  (no boots)
Stlth    +.........             d - amulet of guardian spirit
HPRegen  0.09/turn              m - +4 ring of strength
MPRegen  0.09/turn              (no ring)

@: no status effects
A: permanent stasis, dig shafts and tunnels, four strong arms, antennae 3
a: Dig, Shaft Self, Depart the Abyss, Bend Space, Renounce Religion


You were on level 2 of the Dungeon.
You worshipped Lugonu.
Lugonu was pleased with you.
You were not hungry.

You visited 1 branch of the dungeon, and saw 2 of its levels.
You visited the Abyss 1 time.

You collected 5 gold pieces.

Inventory:

Hand Weapons
 a - a +1 hand axe (weapon)
Armour
 b - a +0 leather armour (worn)
 i - a +0 shield (worn)
   (You found it on level 1 of the Dungeon)
Jewellery
 d - an amulet of guardian spirit (around neck)
   (You found it on level 1 of the Dungeon)
 m - a +4 ring of strength (left hand)
   (You found it on level 1 of the Dungeon)
Scrolls
 c - a scroll of enchant armour {unknown}
 f - a scroll of amnesia {unknown}
 h - a scroll of teleportation {unknown}
 j - a scroll of remove curse {unknown}
 k - a scroll of blinking {unknown}
 l - 3 scrolls of identify {unknown}
Potions
 g - a potion of curing {unknown}
Comestibles
 e - 7 rations


   Skills:
 + Level 3.6 Fighting
 * Level 2.8 Axes
 - Level 2.1 Armour
 - Level 0.8 Dodging
 + Level 1.0 Shields
 + Level 2.7 Invocations


You had 2 spell levels left.
You didn't know any spells.
Your spell library was empty.

Dungeon Overview and Level Annotations

Branches:
Dungeon (2/15)

Altars:

Annotations:
D:2 Sigmund


Innate Abilities, Weirdness & Mutations

You cannot be hasted, slowed, berserked, paralysed or teleported.
You can dig through walls and to a lower floor.
Your four strong arms can wield two-handed weapons with a shield.
You have a pair of large antennae on your head. (SInv)


Message History

You see here an adder skeleton.
You feel sick.
l - 3 scrolls labeled SUJISM XATI (gained 1)
You feel sick.
Sigmund the Dreaded comes into view.
He is wielding a +0 scythe.
Sigmund shouts!
You feel sick.
There is a stone staircase leading up here.
You feel sick.
You climb upwards.
There is a stone staircase leading down here.
You start resting.
You feel sick. x2
You start resting.
You feel sick. x3
You are no longer poisoned.
You start resting.
Eating one of 2 chunks of flesh.
You eat one of the 2 chunks of flesh.
All of the chunks of flesh in your inventory have rotted away.
You climb downwards.
Level annotation: Sigmund
There is a stone staircase leading up here.
Okay, then.
No target in view!
No target in view!
Sigmund hits you from afar with a +0 scythe.
Sigmund barely misses you.
You slash Sigmund! You block Sigmund's attack.
You barely miss Sigmund. You hit Sigmund.
Sigmund gestures at you while chanting.
You are confused.
Sigmund gestures at you while chanting. The puff of flame hits you!
You hit Sigmund. Sigmund hits you with a +0 scythe.
You closely miss Sigmund. Sigmund closely misses you.
You closely miss Sigmund. You closely miss Sigmund.
Sigmund looks at you with fury. Sigmund closely misses you.
You miss Sigmund. Sigmund completely misses you.
You closely miss Sigmund.
You feel less confused. Sigmund casts a spell at you. The magic dart hits you.
* * * LOW HITPOINT WARNING * * *
You barely miss Sigmund. You block Sigmund's attack.
You hit Sigmund but do no damage. Sigmund asks, "Do you like me?"
Sigmund hits you with a +0 scythe!
You die...

.. .. . ##
.#... ##...#.
.......
########.#..#
#....<.@@..#
#...###..###
###.#....#
#.#.#..#
##.#.#.##
#...)..#
......#..#.....
..)........####
............#


You could see Sigmund.

Vanquished Creatures
  An adder (D:2)
  A dart slug (D:1)
  2 bats (D:1)
  2 giant cockroaches (D:1)
  4 goblins (D:1)
  3 hobgoblins
  2 kobolds (D:1)
  2 ball pythons (D:1)
  2 frilled lizards
  3 rats (D:1)
22 creatures vanquished.

Notes
Turn   | Place    | Note
-------+----------+-------------------------------------------
     0 | Abyss:1  | vurker the Formicid Abyssal Knight began the quest for the
                  | Orb.
     0 | Abyss:1  | Reached XP level 1. HP: 18/18 MP: 2/2
    50 | D:1      | Escaped the Abyss
   365 | D:1      | Reached XP level 2. HP: 24/24 MP: 3/3
   885 | D:1      | Reached XP level 3. HP: 26/29 MP: 4/4
  1321 | D:2      | Reached ** piety under Lugonu
  1321 | D:2      | Reached skill level 1 in Shields
  1328 | D:2      | Noticed Sigmund
  1660 | D:2      | Slain by Sigmund

Levels and vault maps discovered:
D:1:      evilmike_arrival_rings, layout_loops_ring
D:2:      layout_rooms, uniq_terence, uniq_sigmund

Skill      XL: |  1  2  3 |
---------------+----------+-----
Shields        | 1 |  1.0
Fighting       | |  3.6
Axes           | |  2.8
Armour         | |  2.1
Dodging        | |  0.8
Invocations    | |  2.7

Action                   || total
-------------------------++-------
Melee: Hand axe          ||   102
  Eat: Chunk             ||     2
Armor: Leather armour    ||    22
Dodge: Dodged            ||    42
Block: Shield            ||    32

Table legend:
 A = Non-vault XP
 B = Vault XP
 C = Vault XP percentage of total XP
 D = Non-vault monster count
 E = Vault monster count
 F = Vault count percentage of total count
                 A         B        C        D         E       F
            +---------+---------+-------+---------+---------+-------
      Total |      49 |       0 |   0.0 |      22 |       0 |   0.0
            +---------+---------+-------+---------+---------+-------
        D:1 |      32 |       0 |   0.0 |      19 |       0 |   0.0
        D:2 |      17 |       0 |   0.0 |       3 |       0 |   0.0
            +---------+---------+-------+---------+---------+-------
